Map: Terraform LE (Void)

Players

TomikuS

  • Race: Zerg Zerg
  • League: Grandmaster

Tefel - Winner!

  • Race: Zerg Zerg
  • League: Grandmaster

Event: Lycan League Weekly August #1

VOD

Have the link to the VOD?

Description

Time

  • Played on: Aug. 3, 2015, 1:04 p.m.
  • Length: 6:21

All games in this series

Show
View Real Time Build Order
Export as new Build Order

TomikuS Zerg 

Build Orders: Hatch First 

Get SALT Encoding   

  12  0:01  Drone  
  13  0:12  Overlord  
  13  0:17  Drone  
  14  0:31  Drone x2  
  16  0:36  Drone  
  17  0:54  Hatchery  
  16  0:57  Drone  
  16  0:59  Drone  
  18  1:14  Spawning Pool  
  18  1:17  Drone  
  18  1:19  Drone  
  19  1:28  Drone  
  20  1:39  Overlord  
  20  1:49  Drone  
  20  1:52  Extractor  
  20  2:01  Zergling x2  
  20  2:06  Queen x2  
  20  2:07  Drone  
  26  2:16  Drone  
  26  2:17  Drone  
  28  2:27  Overlord  
  28  2:28  Drone  
  29  2:37  Drone  
  29  2:41  Queen  
  29  2:42  Queen  
  34  2:46  Drone  
  34  2:47  Drone  
  34  2:48  Spine Crawler  
  35  2:57  Overlord  
  35  2:58  Drone  
  35  3:07  Drone x2  
  37  3:23  Drone x9  
  37  3:26  Lair  
  46  3:42  Roach Warren  
  46  3:47  Overlord  
  46  3:48  Drone x4, Extractor x2  
  47  3:57  Drone x3  
  47  3:58  Overlord  
  47  3:59  Overlord  
  50  4:07  Evolution Chamber  
  50  4:09  Evolution Chamber  
  48  4:11  Overlord  
  48  4:12  Overlord  
  48  4:24  Roach x5  
  50  4:26  Roach  
  50  4:29  Roach x2  
  66  4:31  Roach  
  68  4:40  Roach x4  
  68  4:44  Overlord  
  76  4:50  Roach  
  78  4:53  Glial Reconstitution  
  78  5:02  Drone x3, Extractor  
  78  5:03  Roach  
  78  5:04  Roach x2  
  86  5:12  Overlord x3  
  86  5:30  Overlord x2  
  86  5:31  Evolution Chamber  
  85  5:40  Roach  
  85  5:41  Roach x6  
  99  5:45  Ravager x2  
  101  5:54  Roach x2  
  103  6:00  Ravager x2  
Show
View Real Time Build Order
Export as new Build Order

Tefel Zerg - Winner!

Build Orders: Pool First 

Get SALT Encoding   

  12  0:01  Drone  
  13  0:08  Drone  
  14  0:18  Overlord  
  14  0:25  Extractor  
  14  0:26  Drone  
  15  0:36  Drone x2  
  17  0:44  Drone  
  18  0:50  Spawning Pool  
  18  0:55  Drone  
  18  1:11  Hatchery  
  18  1:15  Drone, Extractor  
  17  1:18  Drone  
  18  1:27  Drone  
  19  1:38  Queen  
  19  1:39  Drone  
  22  1:55  Overlord  
  22  1:58  Extractor  
  22  2:00  Drone  
  22  2:13  Drone  
  22  2:14  Queen  
  25  2:21  Drone  
  26  2:26  Metabolic Boost, Drone  
  27  2:32  Drone  
  27  2:36  Drone  
  29  2:42  Drone  
  30  2:45  Drone  
  30  2:46  Overlord  
  30  2:47  Drone x3  
  34  2:55  Drone x2  
  36  3:03  Roach Warren  
  35  3:10  Zergling x2  
  35  3:11  Zergling x2  
  37  3:16  Overlord  
  37  3:25  Overlord  
  37  3:34  Overlord  
  37  3:36  Zergling x8  
  37  3:37  Zergling x2  
  37  3:39  Overlord  
  42  3:44  Roach x2  
  42  3:47  Roach  
  47  3:56  Roach  
  47  3:57  Roach x4  
  47  3:59  Roach  
  47  4:02  Overlord  
  59  4:06  Ravager  
  59  4:07  Ravager  
  61  4:10  Ravager  
  61  4:12  Roach x2  
  66  4:17  Ravager  
  67  4:28  Roach x3  
  67  4:29  Roach  
  75  4:36  Overlord x2  
  75  4:54  Overlord  
  75  5:01  Ravager x2  
  75  5:02  Zergling x10  
  75  5:03  Zergling x4  
  84  5:07  Zergling x8  
  84  5:08  Zergling x2  
  84  5:13  Roach x3  
  95  5:15  Zergling x2  
  95  5:17  Zergling x2  
  97  5:21  Ravager  
  97  5:26  Zergling x2  
  97  5:28  Zergling x2  
  99  5:41  Ravager  
  99  5:42  Overlord, Zergling x2  
  99  5:56  Overlord  
  99  5:57  Zergling x2  
  100  5:58  Overlord  
  100  6:02  Zergling x10  
  100  6:03  Ravager x2  

Tags
 
Add a new tag
Caveats
  • Supply blocks, unpowered buildings, or Contaminate may cause inaccurate times.
  • Supply counts are checked every 10 seconds.